Thrashers vs Senators

Created - April 19 2010 at 17:53

Goals
1 2 3 T
Thrashers 1 0 4 5
Senators 3 0 0 3
Shots
1 2 3 T
Thrashers 7 9 14 30
Senators 10 3 13 26

Period #1

1. Senators , Dan Cleary 2 (James Neal) at 2:07
2. Senators , James Neal 2 (Sergei Fedorov, Dan Cleary) at 9:53
3. Thrashers , Jordan Staal 3 (Ryan Suter, Ryan Callahan) at 17:42 (PP)
4. Senators , Dennis Seidenberg 2 (Jason Spezza) at 19:09 (PP)

Penalties :
Anton Volchenkov (OTT) for Holding (Minor) at 5:42, Brian Rolston (ATL) for Hooking (Minor) at 11:34, Kevin Bieksa (OTT) for Hooking (Minor) at 16:32, Nik Antropov (ATL) for Tripping (Minor) at 17:43, Sidney Crosby (OTT) for Tripping (Minor) at 19:54

Period #2

No Goal

Penalties :
Anton Volchenkov (OTT) for High sticking (Minor) at 9:03, Gregory Campbell (OTT) for Cross-checking (Minor) at 10:33, Dan Girardi (ATL) for Hooking (Minor) at 15:41, Anton Volchenkov (OTT) for Tripping (Minor) at 17:49

Period #3

5. Thrashers , Nik Antropov 3 (James Wisniewski, Brenden Morrow) at 5:41
6. Thrashers , Ryan Callahan 2 (Jordan Staal) at 12:45
7. Thrashers , Brenden Morrow 4 (Christian Ehrhoff, Brad Boyes) at 14:19
8. Thrashers , Brad Boyes 3 (Brenden Morrow, Sergei Zubov) at 19:29 (Empty Net)

Penalties :
Brian Lee (OTT) for Hooking (Minor) at 3:32, Kevin Bieksa (OTT) for Fighting (Major) at 8:52, Rene Bourque (ATL) for Fighting (Major) at 8:52, James Wisniewski (ATL) for Tripping (Minor) at 9:23, James Wisniewski (ATL) for Hooking (Minor) at 11:30, Kevin Bieksa (OTT) for Hooking (Minor) at 15:20

Goalie Stats

Roberto Luongo (ATL), 23 saves from 26 shots - (0.885), W, 5-1-1, 60:00 minutes
Carey Price (OTT), 25 saves from 29 shots - (0.862), L, 6-3-0, 59:37 minutes

Players Stats

Thrashers
Player Name              G  A  P  +/- PIM S  H  SB FO    MP 
------------------------------------------------------------
Adrian Aucoin            0  0  0   0  0   0  0  0  0/0   15 
Brad Boyes               1  1  2   2  0   6  0  1  0/0   23 
Brenden Morrow           1  2  3   2  0   2  3  1  1/4   22 
Brian Rolston            0  0  0   0  2   1  0  0  2/3   15 
Christian Ehrhoff        0  1  1   1  0   0  0  0  0/0   5  
Dan Girardi              0  0  0   2  2   2  3  1  0/0   22 
Dave Bolland             0  0  0   1  0   3  0  0  8/10  8  
Filip Kuba               0  0  0   0  0   0  0  0  0/0   0  
James Wisniewski         0  1  1   0  4   0  1  0  0/0   16 
Jordan Staal             1  1  2   0  0   3  1  1  12/27 22 
Marc Staal               0  0  0   0  0   1  3  1  0/0   21 
Mike Ribeiro             0  0  0   1  0   1  3  0  13/26 18 
Nik Antropov             1  0  1   0  2   1  0  0  5/11  14 
Rene Bourque             0  0  0   0  5   1  2  0  0/0   14 
Ryan Callahan            1  1  2   0  0   2  0  0  3/5   18 
Ryan Malone              0  0  0   0  0   4  1  0  0/5   19 
Ryan Suter               0  1  1   0  0   2  1  1  0/0   22 
Sergei Zubov             0  1  1   1  0   1  0  2  0/0   18 
Senators
Player Name              G  A  P  +/- PIM S  H  SB FO    MP 
------------------------------------------------------------
Anton Volchenkov         0  0  0   0  6   1  2  1  0/0   18 
Brett Clark              0  0  0  -1  0   0  0  0  0/0   21 
Brian Lee                0  0  0   0  2   0  5  1  0/0   16 
Dan Cleary               1  1  2   0  0   2  1  0  1/1   19 
Dennis Seidenberg        1  0  1  -1  0   2  0  1  0/0   22 
Fredrik Modin            0  0  0  -1  0   2  0  0  1/1   16 
Gregory Campbell         0  0  0   0  2   0  0  0  9/12  7  
James Neal               1  1  2   0  0   2  3  0  0/1   13 
Jason Spezza             0  1  1  -1  0   2  2  0  13/22 19 
Jay Bouwmeester          0  0  0  -1  0   4  3  1  0/0   24 
Joel Ward                0  0  0   0  0   0  0  0  0/0   7  
Kevin Bieksa             0  0  0  -1  9   0  2  0  0/0   16 
Milan Michalek           0  0  0  -1  0   4  3  0  2/6   18 
Nikita Filatov           0  0  0   0  0   0  0  0  0/0   6  
Rick Nash                0  0  0   0  0   0  0  0  0/0   3  
Ryan Smyth               0  0  0  -1  0   3  0  0  0/1   18 
Sergei Fedorov           0  1  1   0  0   2  0  0  11/24 19 
Sidney Crosby            0  0  0  -2  2   2  2  0  10/23 21 

3 Stars

1 - Brenden Morrow (ATL)
2 - Brad Boyes (ATL)
3 - James Neal (OTT)

Power Play

Thrashers - 1 on 8 Attempt(s) - 12.50%
Senators - 1 on 5 Attempt(s) - 20.00%

Penalty Kill

Thrashers - 4 on 5 Attempt(s) - 80.00% - Score 0 goal in Penalty Kill
Senators - 7 on 8 Attempt(s) - 87.50% - Score 0 goal in Penalty Kill

Game Notes

Rick Nash is injured at 10:00 of 1st period (Bruised Left Arm)
Kevin Bieksa beats up Rene Bourque at 8:52 of 3rd period
The goal is going for a video replay. The goal is refused.
Brad Boyes has scored in a empty net!

Finance

Level 1 -- Attendance: 6099 (93.83%) -- Ticket Income $609,900.00
Level 2 -- Attendance: 5000 (100.00%) -- Ticket Income $300,000.00
Level 3 -- Attendance: 3500 (100.00%) -- Ticket Income $122,500.00
Level 4 -- Attendance: 2103 (66.70%) -- Ticket Income $63,090.00
Luxury Box -- Attendance: 870 (87.00%) -- Ticket Income $217,500.00
Game was played at the Scotiabank Place
Total Attendance: 17572 (91.75%)
Total Ticket Income: $1,432,998.00
Other Income: $429,899.44
Total Income: $1,862,897.00


Play by Play

Period #1

0:01 of 1st period - Milan Michalek wins face-off versus Mike Ribeiro in neutral zone.
0:06 of 1st period - Sergei Zubov is hit by Milan Michalek and loses puck.
0:21 of 1st period - Shot by Mike Ribeiro.
0:21 of 1st period - Deflect By Brad Boyes.
0:21 of 1st period - Stopped by Carey Price with a rebound.
0:27 of 1st period - Shot by Fredrik Modin.
0:27 of 1st period - Stopped by Roberto Luongo without a rebound.
0:28 of 1st period - Jordan Staal wins face-off versus Jason Spezza in Thrashers zone.
1:47 of 1st period - Shot by James Neal.
1:47 of 1st period - Shot Misses the Net.
2:07 of 1st period - Shot by Dan Cleary.
2:07 of 1st period - Goal by Dan Cleary - Thrashers : 0 - Senators : 1.
2:08 of 1st period - Mike Ribeiro wins face-off versus Sidney Crosby in neutral zone.
2:17 of 1st period - Shot by Brenden Morrow.
2:17 of 1st period - Shot Misses the Net.
3:18 of 1st period - Brenden Morrow is hit by Jason Spezza and loses puck.
3:51 of 1st period - Shot by Sergei Fedorov.
3:51 of 1st period - Stopped by Roberto Luongo without a rebound.
3:52 of 1st period - Jordan Staal wins face-off versus Milan Michalek in Thrashers zone.
5:02 of 1st period - Icing by Rene Bourque.
5:03 of 1st period - Brian Rolston wins face-off versus Jason Spezza in Thrashers zone.
5:26 of 1st period - Shot by Jason Spezza.
5:26 of 1st period - Shot Misses the Net.
5:30 of 1st period - Shot by Jason Spezza.
5:30 of 1st period - Stopped by Roberto Luongo without a rebound.
5:31 of 1st period - Dave Bolland wins face-off versus Sergei Fedorov in Thrashers zone.
5:31 of 1st period - Dave Bolland is hit by James Neal.
5:42 of 1st period - Minor Penalty to Anton Volchenkov for Holding.
5:43 of 1st period - Gregory Campbell wins face-off versus Jordan Staal in Senators zone.
6:04 of 1st period - Shot by Ryan Callahan.
6:04 of 1st period - Shot Misses the Net.
6:06 of 1st period - Shot by Jordan Staal.
6:06 of 1st period - Shot Misses the Net.
7:55 of 1st period - Icing by James Wisniewski.
7:56 of 1st period - Nik Antropov wins face-off versus Jason Spezza in Thrashers zone.
9:14 of 1st period - Shot by Brenden Morrow.
9:14 of 1st period - Stopped by Carey Price with a rebound.
9:20 of 1st period - Brenden Morrow is hit by Sidney Crosby and loses puck.
9:37 of 1st period - Shot by James Neal.
9:37 of 1st period - Deflect By Sergei Fedorov.
9:37 of 1st period - Stopped by Roberto Luongo without a rebound.
9:38 of 1st period - Ryan Callahan wins face-off versus Sergei Fedorov in Thrashers zone.
9:53 of 1st period - Shot by James Neal.
9:53 of 1st period - Goal by James Neal - Thrashers : 0 - Senators : 2.
9:54 of 1st period - Jordan Staal wins face-off versus Ryan Smyth in neutral zone.
9:58 of 1st period - Icing by Brett Clark.
9:59 of 1st period - Jason Spezza wins face-off versus Ryan Callahan in Senators zone.
9:59 of 1st period - Rick Nash is hit by Jordan Staal and loses puck.
10:00 of 1st period - Rick Nash from Senators is injured at 10:00 of 1st period (Bruised Left Arm).
10:01 of 1st period - Jason Spezza wins face-off versus Jordan Staal in Senators zone.
10:36 of 1st period - Icing by Dennis Seidenberg.
10:37 of 1st period - Jason Spezza wins face-off versus Mike Ribeiro in Senators zone.
11:23 of 1st period - Icing by Adrian Aucoin.
11:24 of 1st period - Nik Antropov wins face-off versus Sidney Crosby in Thrashers zone.
11:34 of 1st period - Minor Penalty to Brian Rolston for Hooking.
11:35 of 1st period - Sidney Crosby wins face-off versus Mike Ribeiro in Thrashers zone.
11:56 of 1st period - Shot by Milan Michalek.
11:56 of 1st period - Stopped by Roberto Luongo without a rebound.
11:57 of 1st period - Brenden Morrow wins face-off versus Jason Spezza in Thrashers zone.
12:12 of 1st period - Shot by Jason Spezza.
12:12 of 1st period - Stopped by Roberto Luongo without a rebound.
12:13 of 1st period - Mike Ribeiro wins face-off versus Milan Michalek in Thrashers zone.
12:22 of 1st period - Shot by Milan Michalek.
12:22 of 1st period - Deflect By Sidney Crosby.
12:22 of 1st period - Shot Blocked by Ryan Suter.
12:24 of 1st period - Shot by Brian Lee.
12:24 of 1st period - Shot Blocked by Jordan Staal.
12:26 of 1st period - Shot by Brian Lee.
12:26 of 1st period - Shot Misses the Net.
12:28 of 1st period - Shot by Jay Bouwmeester.
12:28 of 1st period - Stopped by Roberto Luongo without a rebound.
12:29 of 1st period - Jason Spezza wins face-off versus Brenden Morrow in Thrashers zone.
13:33 of 1st period - Shot by Milan Michalek.
13:33 of 1st period - Shot Misses the Net.
13:35 of 1st period - Shot by James Neal.
13:35 of 1st period - Shot Misses the Net.
14:26 of 1st period - Off-side.
14:27 of 1st period - Sidney Crosby wins face-off versus Dave Bolland in neutral zone.
14:27 of 1st period - Kevin Bieksa is hit by Brenden Morrow and loses puck.
15:23 of 1st period - Ryan Smyth is hit by Dan Girardi and loses puck.
15:42 of 1st period - Brad Boyes is hit by Jason Spezza and loses puck.
15:52 of 1st period - Icing by Dave Bolland.
15:53 of 1st period - Dave Bolland wins face-off versus James Neal in Thrashers zone.
16:05 of 1st period - Icing by Dan Girardi.
16:06 of 1st period - Dave Bolland wins face-off versus Sidney Crosby in Thrashers zone.
16:06 of 1st period - Dave Bolland is hit by Milan Michalek.
16:32 of 1st period - Minor Penalty to Kevin Bieksa for Hooking.
16:33 of 1st period - Jordan Staal wins face-off versus Sergei Fedorov in Senators zone.
16:38 of 1st period - Shot by Ryan Malone.
16:38 of 1st period - Stopped by Carey Price without a rebound.
16:39 of 1st period - Sergei Fedorov wins face-off versus Jordan Staal in Senators zone.
17:02 of 1st period - Icing by Ryan Callahan.
17:03 of 1st period - Jordan Staal wins face-off versus Sergei Fedorov in Thrashers zone.
17:12 of 1st period - Shot by Ryan Callahan.
17:12 of 1st period - Shot Misses the Net.
17:14 of 1st period - Shot by Ryan Malone.
17:14 of 1st period - Shot Misses the Net.
17:16 of 1st period - Shot by Jordan Staal.
17:16 of 1st period - Stopped by Carey Price with a rebound.
17:20 of 1st period - Shot by Ryan Suter.
17:20 of 1st period - Shot Misses the Net.
17:22 of 1st period - Shot by Jordan Staal.
17:22 of 1st period - Stopped by Carey Price without a rebound.
17:23 of 1st period - Jordan Staal wins face-off versus Gregory Campbell in Senators zone.
17:40 of 1st period - Shot by Ryan Suter.
17:40 of 1st period - Stopped by Carey Price with a rebound.
17:42 of 1st period - Shot by Jordan Staal.
17:42 of 1st period - Goal by Jordan Staal - Thrashers : 1 - Senators : 2.
17:43 of 1st period - Dan Cleary wins face-off versus Nik Antropov in neutral zone.
17:43 of 1st period - Minor Penalty to Nik Antropov for Tripping.
17:44 of 1st period - Milan Michalek wins face-off versus Mike Ribeiro in Thrashers zone.
18:04 of 1st period - Icing by Jay Bouwmeester.
18:05 of 1st period - Mike Ribeiro wins face-off versus Sidney Crosby in Senators zone.
19:03 of 1st period - Icing by Jason Spezza.
19:04 of 1st period - Jason Spezza wins face-off versus Ryan Malone in Senators zone.
19:09 of 1st period - Shot by Dennis Seidenberg.
19:09 of 1st period - Goal by Dennis Seidenberg - Thrashers : 1 - Senators : 3.
19:10 of 1st period - Sergei Fedorov wins face-off versus Nik Antropov in neutral zone.
19:50 of 1st period - Sidney Crosby is hit by Rene Bourque and loses puck.
19:54 of 1st period - Minor Penalty to Sidney Crosby for Tripping.
19:55 of 1st period - Gregory Campbell wins face-off versus Mike Ribeiro in Senators zone.
19:55 of 1st period - Gregory Campbell is hit by Brenden Morrow.

Period #2

0:01 of 2nd period - Mike Ribeiro wins face-off versus Gregory Campbell in neutral zone.
2:00 of 2nd period - Kevin Bieksa is hit by James Wisniewski and loses puck.
2:25 of 2nd period - Shot by Milan Michalek.
2:25 of 2nd period - Shot Misses the Net.
2:27 of 2nd period - Shot by Kevin Bieksa.
2:27 of 2nd period - Deflect By Milan Michalek.
2:27 of 2nd period - Stopped by Roberto Luongo without a rebound.
2:28 of 2nd period - Dave Bolland wins face-off versus Jason Spezza in Thrashers zone.
3:35 of 2nd period - Adrian Aucoin is hit by James Neal and loses puck.
3:41 of 2nd period - Brian Rolston is hit by Brian Lee and loses puck.
3:47 of 2nd period - Nik Antropov is hit by Brian Lee and loses puck.
3:54 of 2nd period - Shot by Rene Bourque.
3:54 of 2nd period - Shot Misses the Net.
3:58 of 2nd period - Shot by Nik Antropov.
3:58 of 2nd period - Deflect By Brian Rolston.
3:58 of 2nd period - Stopped by Carey Price with a rebound.
4:00 of 2nd period - Shot by Rene Bourque.
4:00 of 2nd period - Stopped by Carey Price without a rebound.
4:01 of 2nd period - Sidney Crosby wins face-off versus Jordan Staal in Senators zone.
4:17 of 2nd period - Icing by Jordan Staal.
4:18 of 2nd period - Jordan Staal wins face-off versus Sidney Crosby in Thrashers zone.
4:36 of 2nd period - Ryan Smyth is hit by Marc Staal and loses puck.
4:43 of 2nd period - Shot by Ryan Smyth.
4:43 of 2nd period - Shot Misses the Net.
4:45 of 2nd period - Shot by Jay Bouwmeester.
4:45 of 2nd period - Shot Blocked by Marc Staal.
4:54 of 2nd period - Icing by Jordan Staal.
4:55 of 2nd period - Jordan Staal wins face-off versus Sergei Fedorov in Thrashers zone.
4:55 of 2nd period - Ryan Callahan is hit by James Neal and loses puck.
5:31 of 2nd period - Icing by Anton Volchenkov.
5:32 of 2nd period - Mike Ribeiro wins face-off versus Sergei Fedorov in Senators zone.
5:39 of 2nd period - Shot by Brad Boyes.
5:39 of 2nd period - Stopped by Carey Price without a rebound.
5:40 of 2nd period - Dave Bolland wins face-off versus Jason Spezza in Senators zone.
7:21 of 2nd period - Off-side.
7:22 of 2nd period - Jason Spezza wins face-off versus Jordan Staal in neutral zone.
7:36 of 2nd period - Shot by Jason Spezza.
7:36 of 2nd period - Shot Misses the Net.
8:53 of 2nd period - Dan Girardi is hit by Brian Lee.
9:02 of 2nd period - Icing by Brian Lee.
9:03 of 2nd period - Brian Rolston wins face-off versus Milan Michalek in Senators zone.
9:03 of 2nd period - Minor Penalty to Anton Volchenkov for High sticking.
9:04 of 2nd period - Gregory Campbell wins face-off versus Ryan Malone in Senators zone.
10:33 of 2nd period - Minor Penalty to Gregory Campbell for Cross-checking.
10:34 of 2nd period - Dave Bolland wins face-off versus Sidney Crosby in Senators zone.
10:37 of 2nd period - Shot by Mike Ribeiro.
10:37 of 2nd period - Shot Misses the Net.
10:39 of 2nd period - Shot by Dave Bolland.
10:39 of 2nd period - Stopped by Carey Price without a rebound.
10:40 of 2nd period - Sergei Fedorov wins face-off versus Ryan Malone in Senators zone.
11:10 of 2nd period - Brian Rolston is hit by Anton Volchenkov.
11:27 of 2nd period - Mike Ribeiro is hit by Jay Bouwmeester and loses puck.
12:06 of 2nd period - Shot by Rene Bourque.
12:06 of 2nd period - Shot Misses the Net.
12:08 of 2nd period - Shot by Ryan Callahan.
12:08 of 2nd period - Stopped by Carey Price without a rebound.
12:09 of 2nd period - Dave Bolland wins face-off versus Milan Michalek in Senators zone.
12:50 of 2nd period - Icing by James Wisniewski.
12:51 of 2nd period - Sidney Crosby wins face-off versus Nik Antropov in Thrashers zone.
13:35 of 2nd period - Jay Bouwmeester is hit by Rene Bourque and loses puck.
14:00 of 2nd period - Shot by Brad Boyes.
14:00 of 2nd period - Stopped by Carey Price without a rebound.
14:01 of 2nd period - Jason Spezza wins face-off versus Jordan Staal in Senators zone.
14:01 of 2nd period - Jason Spezza is hit by Ryan Malone.
14:15 of 2nd period - Shot by Ryan Callahan.
14:15 of 2nd period - Shot Misses the Net.
14:17 of 2nd period - Shot by Marc Staal.
14:17 of 2nd period - Stopped by Carey Price with a rebound.
14:19 of 2nd period - Shot by Jordan Staal.
14:19 of 2nd period - Shot Misses the Net.
15:01 of 2nd period - Shot by Mike Ribeiro.
15:01 of 2nd period - Shot Misses the Net.
15:18 of 2nd period - Brad Boyes is hit by Anton Volchenkov and loses puck.
15:32 of 2nd period - Shot by Dan Cleary.
15:32 of 2nd period - Shot Blocked by Sergei Zubov.
15:37 of 2nd period - James Neal is hit by Dan Girardi and loses puck.
15:41 of 2nd period - Minor Penalty to Dan Girardi for Hooking.
15:42 of 2nd period - Jordan Staal wins face-off versus Sidney Crosby in Thrashers zone.
16:38 of 2nd period - Shot by Anton Volchenkov.
16:38 of 2nd period - Stopped by Roberto Luongo without a rebound.
16:39 of 2nd period - Mike Ribeiro wins face-off versus Sidney Crosby in Thrashers zone.
17:20 of 2nd period - Off-side.
17:21 of 2nd period - Mike Ribeiro wins face-off versus Jason Spezza in neutral zone.
17:40 of 2nd period - Shot by Jason Spezza.
17:40 of 2nd period - Deflect By Ryan Smyth.
17:40 of 2nd period - Stopped by Roberto Luongo without a rebound.
17:41 of 2nd period - Nik Antropov wins face-off versus Sergei Fedorov in Thrashers zone.
17:41 of 2nd period - Adrian Aucoin is hit by Dan Cleary and loses puck.
17:49 of 2nd period - Minor Penalty to Anton Volchenkov for Tripping.
17:50 of 2nd period - Gregory Campbell wins face-off versus Jordan Staal in Senators zone.
18:30 of 2nd period - Icing by Brenden Morrow.
18:31 of 2nd period - Gregory Campbell wins face-off versus Mike Ribeiro in Thrashers zone.
18:32 of 2nd period - Shot by Dennis Seidenberg.
18:32 of 2nd period - Shot Blocked by Dan Girardi.
18:44 of 2nd period - Shot by Brad Boyes.
18:44 of 2nd period - Shot Misses the Net.
18:54 of 2nd period - Shot by Mike Ribeiro.
18:54 of 2nd period - Shot Blocked by Dennis Seidenberg.
18:56 of 2nd period - Shot by Sergei Zubov.
18:56 of 2nd period - Stopped by Carey Price without a rebound.
18:57 of 2nd period - Sergei Fedorov wins face-off versus Ryan Malone in Senators zone.
19:03 of 2nd period - Icing by Ryan Suter.
19:04 of 2nd period - Jordan Staal wins face-off versus Sergei Fedorov in Thrashers zone.
19:41 of 2nd period - Shot by Brad Boyes.
19:41 of 2nd period - Stopped by Carey Price without a rebound.
19:42 of 2nd period - Gregory Campbell wins face-off versus Mike Ribeiro in Senators zone.

Period #3

0:01 of 3rd period - Mike Ribeiro wins face-off versus Sidney Crosby in neutral zone.
0:11 of 3rd period - Brenden Morrow is hit by Kevin Bieksa and loses puck.
0:26 of 3rd period - Shot by Brad Boyes.
0:26 of 3rd period - Stopped by Carey Price without a rebound.
0:27 of 3rd period - Jason Spezza wins face-off versus Jordan Staal in Senators zone.
1:06 of 3rd period - Shot by Ryan Callahan.
1:06 of 3rd period - Shot Misses the Net.
1:08 of 3rd period - Shot by Ryan Suter.
1:08 of 3rd period - Stopped by Carey Price without a rebound.
1:09 of 3rd period - Sergei Fedorov wins face-off versus Nik Antropov in Senators zone.
1:30 of 3rd period - Shot by Nik Antropov.
1:30 of 3rd period - Shot Misses the Net.
2:22 of 3rd period - Icing by Kevin Bieksa.
2:23 of 3rd period - Mike Ribeiro wins face-off versus Sidney Crosby in Senators zone.
3:09 of 3rd period - Icing by Brett Clark.
3:10 of 3rd period - Jason Spezza wins face-off versus Jordan Staal in Senators zone.
3:21 of 3rd period - Shot by Ryan Malone.
3:21 of 3rd period - Stopped by Carey Price without a rebound.
3:22 of 3rd period - Ryan Callahan wins face-off versus Sergei Fedorov in Senators zone.
3:24 of 3rd period - Ryan Malone is hit by Brian Lee and loses puck.
3:31 of 3rd period - Shot by Ryan Malone.
3:31 of 3rd period - Stopped by Carey Price without a rebound.
3:32 of 3rd period - Jordan Staal wins face-off versus Sergei Fedorov in Senators zone.
3:32 of 3rd period - Minor Penalty to Brian Lee for Hooking.
3:33 of 3rd period - Sergei Fedorov wins face-off versus Jordan Staal in Senators zone.
3:59 of 3rd period - Icing by Marc Staal.
4:00 of 3rd period - Sergei Fedorov wins face-off versus Jordan Staal in Thrashers zone.
5:12 of 3rd period - Shot by Sergei Zubov.
5:12 of 3rd period - Shot Hit the Post.
5:14 of 3rd period - Shot by Dan Girardi.
5:14 of 3rd period - Stopped by Carey Price without a rebound.
5:15 of 3rd period - Gregory Campbell wins face-off versus Mike Ribeiro in Senators zone.
5:15 of 3rd period - Gregory Campbell is hit by Mike Ribeiro.
5:27 of 3rd period - Shot by Brenden Morrow.
5:27 of 3rd period - Shot Misses the Net.
5:41 of 3rd period - Shot by Nik Antropov.
5:41 of 3rd period - Goal by Nik Antropov - Thrashers : 2 - Senators : 3.
5:42 of 3rd period - Sidney Crosby wins face-off versus Brian Rolston in neutral zone.
6:33 of 3rd period - Shot by Sidney Crosby.
6:33 of 3rd period - Stopped by Roberto Luongo without a rebound.
6:34 of 3rd period - Dave Bolland wins face-off versus Sergei Fedorov in Thrashers zone.
6:39 of 3rd period - Shot by Brad Boyes.
6:39 of 3rd period - Shot Blocked by Brian Lee.
6:41 of 3rd period - Shot by Dan Girardi.
6:41 of 3rd period - Shot Misses the Net.
6:43 of 3rd period - Shot by Christian Ehrhoff.
6:43 of 3rd period - Shot Misses the Net.
6:45 of 3rd period - Shot by Dave Bolland.
6:45 of 3rd period - Stopped by Carey Price with a rebound.
6:49 of 3rd period - Shot by Brad Boyes.
6:49 of 3rd period - Shot Blocked by Anton Volchenkov.
6:51 of 3rd period - Shot by Dave Bolland.
6:51 of 3rd period - Stopped by Carey Price without a rebound.
6:52 of 3rd period - Sidney Crosby wins face-off versus Brenden Morrow in Senators zone.
6:52 of 3rd period - Sidney Crosby is hit by Brenden Morrow.
7:03 of 3rd period - Brad Boyes is hit by Sidney Crosby.
7:08 of 3rd period - Brenden Morrow is hit by Jay Bouwmeester and loses puck.
7:13 of 3rd period - Shot by Mike Ribeiro.
7:13 of 3rd period - Stopped by Carey Price without a rebound.
7:14 of 3rd period - Ryan Callahan wins face-off versus Sergei Fedorov in Senators zone.
8:10 of 3rd period - Sergei Zubov is hit by Milan Michalek.
8:27 of 3rd period - Shot by Milan Michalek.
8:27 of 3rd period - Shot Misses the Net.
8:43 of 3rd period - Shot by Sidney Crosby.
8:43 of 3rd period - Shot Misses the Net.
8:45 of 3rd period - Shot by Fredrik Modin.
8:45 of 3rd period - Stopped by Roberto Luongo without a rebound.
8:46 of 3rd period - Nik Antropov wins face-off versus Sidney Crosby in Thrashers zone.
8:50 of 3rd period - Rene Bourque is hit by Kevin Bieksa and loses puck.
8:52 of 3rd period - Kevin Bieksa beats up Rene Bourque.
8:52 of 3rd period - Penalty to Kevin Bieksa for Fighting.
8:52 of 3rd period - Penalty to Rene Bourque for Fighting.
8:53 of 3rd period - Sergei Fedorov wins face-off versus Nik Antropov in Senators zone.
9:07 of 3rd period - Nik Antropov is hit by Brian Lee and loses puck.
9:23 of 3rd period - Minor Penalty to James Wisniewski for Tripping.
9:24 of 3rd period - Jason Spezza wins face-off versus Mike Ribeiro in Thrashers zone.
9:29 of 3rd period - Shot by Dennis Seidenberg.
9:29 of 3rd period - Stopped by Roberto Luongo without a rebound.
9:30 of 3rd period - Mike Ribeiro wins face-off versus Sidney Crosby in Thrashers zone.
9:53 of 3rd period - Shot by Jason Spezza.
9:53 of 3rd period - Shot Misses the Net.
9:55 of 3rd period - Shot by Jay Bouwmeester.
9:55 of 3rd period - Stopped by Roberto Luongo with a rebound.
9:57 of 3rd period - Shot by Jay Bouwmeester.
9:57 of 3rd period - Shot Blocked by Sergei Zubov.
9:59 of 3rd period - Shot by Jay Bouwmeester.
9:59 of 3rd period - Stopped by Roberto Luongo with a rebound.
10:01 of 3rd period - Shot by Milan Michalek.
10:01 of 3rd period - Stopped by Roberto Luongo with a rebound.
10:03 of 3rd period - Shot by Jay Bouwmeester.
10:03 of 3rd period - Stopped by Roberto Luongo without a rebound.
10:04 of 3rd period - Jason Spezza wins face-off versus Mike Ribeiro in Thrashers zone.
10:04 of 3rd period - Ryan Smyth is hit by Ryan Suter and loses puck.
10:12 of 3rd period - Nikita Filatov is hit by Marc Staal and loses puck.
10:21 of 3rd period - Shot by Ryan Smyth.
10:21 of 3rd period - Stopped by Roberto Luongo without a rebound.
10:22 of 3rd period - Sidney Crosby wins face-off versus Mike Ribeiro in Thrashers zone.
10:39 of 3rd period - Shot by Nikita Filatov.
10:39 of 3rd period - Shot Blocked by Brad Boyes.
10:41 of 3rd period - Shot by Sidney Crosby.
10:41 of 3rd period - Shot Blocked by Brenden Morrow.
10:43 of 3rd period - Shot by Jay Bouwmeester.
10:43 of 3rd period - Shot Misses the Net.
10:47 of 3rd period - Shot by Nikita Filatov.
10:47 of 3rd period - Deflect By Sidney Crosby.
10:47 of 3rd period - Stopped by Roberto Luongo without a rebound.
10:48 of 3rd period - Sidney Crosby wins face-off versus Mike Ribeiro in Thrashers zone.
10:56 of 3rd period - Icing by Sidney Crosby.
10:57 of 3rd period - Mike Ribeiro wins face-off versus Sidney Crosby in Senators zone.
10:57 of 3rd period - Mike Ribeiro is hit by Jay Bouwmeester.
11:09 of 3rd period - Shot by Milan Michalek.
11:09 of 3rd period - Shot Misses the Net.
11:13 of 3rd period - Shot by Milan Michalek.
11:13 of 3rd period - Shot Misses the Net.
11:15 of 3rd period - Shot by Milan Michalek.
11:15 of 3rd period - Stopped by Roberto Luongo without a rebound.
11:16 of 3rd period - Jason Spezza wins face-off versus Brenden Morrow in Thrashers zone.
11:30 of 3rd period - Minor Penalty to James Wisniewski for Hooking.
11:31 of 3rd period - Fredrik Modin wins face-off versus Nik Antropov in Thrashers zone.
12:00 of 3rd period - Jason Spezza is hit by Dan Girardi and loses puck.
12:23 of 3rd period - Shot by Dan Cleary.
12:23 of 3rd period - Stopped by Roberto Luongo without a rebound.
12:24 of 3rd period - Sidney Crosby wins face-off versus Jordan Staal in Thrashers zone.
12:43 of 3rd period - Shot by Ryan Malone.
12:43 of 3rd period - The goal is going for a video replay.
12:43 of 3rd period - The goal is refused.
12:44 of 3rd period - Jordan Staal wins face-off versus Sergei Fedorov in Senators zone.
12:45 of 3rd period - Shot by Ryan Callahan.
12:45 of 3rd period - Goal by Ryan Callahan - Thrashers : 3 - Senators : 3.
12:46 of 3rd period - Sergei Fedorov wins face-off versus Ryan Malone in neutral zone.
13:12 of 3rd period - Icing by Ryan Malone.
13:13 of 3rd period - Jason Spezza wins face-off versus Jordan Staal in Thrashers zone.
13:14 of 3rd period - Shot by Sidney Crosby.
13:14 of 3rd period - Deflect By Ryan Smyth.
13:14 of 3rd period - Stopped by Roberto Luongo without a rebound.
13:15 of 3rd period - Nik Antropov wins face-off versus Jason Spezza in Thrashers zone.
14:15 of 3rd period - Shot by Brad Boyes.
14:15 of 3rd period - Shot Misses the Net.
14:19 of 3rd period - Shot by Brenden Morrow.
14:19 of 3rd period - Goal by Brenden Morrow - Thrashers : 4 - Senators : 3.
14:20 of 3rd period - Sergei Fedorov wins face-off versus Jordan Staal in neutral zone.
14:28 of 3rd period - Sergei Fedorov is hit by Marc Staal and loses puck.
15:13 of 3rd period - Icing by Kevin Bieksa.
15:14 of 3rd period - Mike Ribeiro wins face-off versus Jason Spezza in Senators zone.
15:20 of 3rd period - Minor Penalty to Kevin Bieksa for Hooking.
15:21 of 3rd period - Mike Ribeiro wins face-off versus Gregory Campbell in Senators zone.
16:00 of 3rd period - Off-side.
16:01 of 3rd period - Gregory Campbell wins face-off versus Jordan Staal in neutral zone.
16:10 of 3rd period - Shot by Joel Ward.
16:10 of 3rd period - Shot Misses the Net.
17:00 of 3rd period - Shot by Dan Girardi.
17:00 of 3rd period - Shot Hit the Post.
17:04 of 3rd period - Shot by Mike Ribeiro.
17:04 of 3rd period - Shot Misses the Net.
17:06 of 3rd period - Shot by Dan Girardi.
17:06 of 3rd period - Stopped by Carey Price without a rebound.
17:07 of 3rd period - Gregory Campbell wins face-off versus Mike Ribeiro in Senators zone.
17:40 of 3rd period - Shot by Rene Bourque.
17:40 of 3rd period - Shot Blocked by Jay Bouwmeester.
17:42 of 3rd period - Shot by Nik Antropov.
17:42 of 3rd period - Shot Misses the Net.
18:38 of 3rd period - Icing by Marc Staal.
18:39 of 3rd period - Sergei Fedorov wins face-off versus Ryan Callahan in Thrashers zone.
19:02 of 3rd period - Dan Cleary is hit by Mike Ribeiro.
19:06 of 3rd period - Senators, Carey Price is pulled from the net.
19:10 of 3rd period - Shot by James Neal.
19:10 of 3rd period - Stopped by Roberto Luongo with a rebound.
19:16 of 3rd period - Sergei Fedorov is hit by Mike Ribeiro and loses puck.
19:29 of 3rd period - Shot by Brad Boyes.
19:29 of 3rd period - Goal by Brad Boyes - Thrashers : 5 - Senators : 3.
19:29 of 3rd period - Carey Price from Senators was sent back in the game.
19:30 of 3rd period - Sidney Crosby wins face-off versus Dave Bolland in neutral zone.


Output by the SimonT Hockey Simulator (STHS) for Stephane Roy -- Original Page W3C XHTML 1.0 Valid